 Dungeon Crawl Stone Soup version 0.17.1-1-g73c8601 (webtiles) character file.

42 Implojin the Ruffian (level 3, -1/36 HPs)
             Began as a Troll Fighter on Apr 8, 2016.
             Killed by nerve-wracking pain
             ... invoked by Grinder
              (8 damage)
             ... on level 3 of the Dungeon.
             The game lasted 00:01:28 (317 turns).

Implojin the Ruffian (Troll Fighter)                 Turns: 317, Time: 00:01:28

Health: -1/36      AC:  5    Str: 24    XL:     3   Next: 33%
Magic:  2/2        EV:  8    Int:  4    God:
Gold:   5          SH:  8    Dex: 10    Spells: 0 memorised, 2 levels left

rFire  . . .     SeeInvis .       - Unarmed
rCold  . . .     Clarity  .     a - +0 robe
rNeg   . . .     SustAt   .     b - +0 shield
rPois  .         Gourm    +     (helmet restricted)
rElec  .         Spirit   .     (no cloak)
rCorr  .         Warding  .     (gloves unavailable)
rMut   .         Stasis   .     (boots unavailable)
MR     .....                    (no amulet)
Stlth  +.........               (no ring)
                                (no ring)

@: not resistant to hostile enchantments, very unstealthy
A: unfitting armour, claws 3, fast metabolism 3, gourmand, regeneration 2,
shaggy fur 1, tough skin 2
a: no special abilities


You were on level 3 of the Dungeon.
You were not hungry.

You visited 1 branch of the dungeon, and saw 3 of its levels.

You collected 5 gold pieces.

Inventory:

Armour
 a - a +0 robe (worn)
 b - a +0 shield (worn)
Scrolls
 f - 2 scrolls of amnesia {unknown}
 g - 2 scrolls of remove curse {unknown}
 h - a scroll of identify {unknown}
Potions
 c - 2 potions of might
 e - 2 potions of magic {unknown}
 j - a potion of curing {unknown}
Comestibles
 d - 3 bread rations
 i - a meat ration


   Skills:
 - Level 2.4 Fighting
 - Level 2.4 Dodging
 - Level 2.4 Shields
 * Level 3.8 Unarmed Combat


You had 2 spell levels left.
You didn't know any spells.

Dungeon Overview and Level Annotations

Branches:
Dungeon (3/15)

Altars:

Annotations:
D:3 Grinder


Innate Abilities, Weirdness & Mutations

You are too large for most types of armour.
You have claws for hands.
Your metabolism is lightning-fast.
You like to eat raw meat.
You heal very quickly.
You are covered in fur (AC +1).
You have very tough skin (AC +2).


Message History

Grinder shouts!
Grinder gestures.
Grinder blinks!
Found a metallic golden potion, an inky potion and 12 stones.
Found an escape hatch in the floor.
There is a stone staircase leading up here.
Unknown command.
You block the giant cockroach's attack.
You barely miss the giant cockroach. You block the giant cockroach's attack.
Your shield prevents you from hitting the giant cockroach.
The giant cockroach bites you but does no damage.
You closely miss the giant cockroach. The giant cockroach barely misses you.
You scratch the giant cockroach.
The giant cockroach is heavily wounded.
The giant cockroach closely misses you.
Grinder gestures.
Grinder blinks!
The giant cockroach closely misses you.
You scratch the giant cockroach.
You kill the giant cockroach!
Grinder gestures at you. Pain shoots through your body!
You see here a giant cockroach corpse.
There is a stone staircase leading up here.
You closely miss Grinder.
Grinder says, "FISH!"
Grinder hits you!
* * * LOW HITPOINT WARNING * * *
You writhe in agony.
* * * LOW HITPOINT WARNING * * *
You scratch Grinder.
Grinder is lightly wounded.
You claw Grinder!
Grinder is moderately wounded.
Grinder hits you.
* * * LOW HITPOINT WARNING * * *
You writhe in agony.
* * * LOW HITPOINT WARNING * * *
Grinder gestures at you. Pain shoots through your body!
You die...

... #.. #.#
#.# #.# #.#
#.#
#†######.#
#.@5......
#.........
..!........
.!....>###..#
..(.##...# ..
.### #####


8 You could see Grinder.

Vanquished Creatures
  3 adders (D:2)
  An ooze (D:1)
  2 giant geckos (D:1)
  A giant cockroach (D:3)
  2 goblins (D:1)
  A hobgoblin (D:2)
  A rat (D:2)
11 creatures vanquished.

Notes
Turn   | Place    | Note
--------------------------------------------------------------
     0 | D:1      | Implojin the Troll Fighter began the quest for the Orb.
     0 | D:1      | Reached XP level 1. HP: 22/22 MP: 0/0
    77 | D:1      | Reached XP level 2. HP: 22/29 MP: 1/1
   193 | D:2      | Reached skill level 3 in Unarmed Combat
   274 | D:2      | Reached XP level 3. HP: 36/36 MP: 2/2
   305 | D:3      | Noticed Grinder
   317 | D:3      | Killed from afar by Grinder

Action                   || total
-------------------------++-------
Melee: Unarmed           ||    46
 Stab: Sleeping          ||     1
  Eat: Chunk             ||     3

Table legend:
 A = Turns spent in this place as a percentage of turns spent in the entire game.
 B = Non-inter-level travel turns spent in this place as a percentage of non-inter-level travel turns spent in the entire game.
 C = Inter-level travel turns spent in this place as a percentage of turns spent in this place.
 D = Turns resting spent in this place as a percentage of non-inter-level travel turns spent in this place.
 E = Turns spent auto-exploring this place as a percentage of non-inter-level travel turns spent in this place.
 F = Non-inter-level travel turns spent in this place divided by the number of levels of this place that you've seen.
                   A       B       C       D       E      F
               +-------+-------+-------+-------+-------+----------------------
         Total | 100.0 | 100.0 |   0.0 |   0.0 |   0.0 | 101.0
       Dungeon | 100.0 | 100.0 |   0.0 |   0.0 |   0.0 | 101.0
               +-------+-------+-------+-------+-------+----------------------

Table legend:
 A = Kills in this place as a percentage of kills in entire the game.
 B = Kills by you in this place as a percentage of kills by you in the entire game.
 C = Kills by friends in this place as a percentage of kills by friends in the entire game.
 D = Other kills in this place as a percentage of other kills in the entire game.
 E = Experience gained in this place as a percentage of experience gained in the entire game.
 F = Experience gained in this place divided by the number of levels of this place that you have seen.
                   A       B       C       D       E      F
               +-------+-------+-------+-------+-------+----------------------
         Total | 100.0 | 100.0 |  -nan |  -nan | 100.0 |  20.0
       Dungeon | 100.0 | 100.0 |  -nan |  -nan | 100.0 |  20.0
               +-------+-------+-------+-------+-------+----------------------
